Workbook

Sheet Solicitud Información Cotizante
A4: Ministerio de Educación Nacional
A5: SUBDIRECCIÓN DE APOYO A LAS INSTITUCIONES DE EDUCACIÓN SUPERIOR
A6: Grupo de Fomento al acceso y permanencia a la Educación Superior
A8: Invitación a participar al Estudio de Mercado sin generación de vinculo.
A9: Propuesta técnica y económica para: AUNAR ESFUERZOS TÉCNICOS, ADMINISTRATIVOS Y FINANCIEROS PARA ASESORAR Y ACOMPAÑAR AL MINISTERIO EN EL PROCESO DE ACTUALIZACIÓN DE LA GUÍA DEL MODELO DE PERMANENCIA Y LA CONSTRUCCIÓN DE HERRAMIENTAS DE ORIENTACIÓN SOCIO OCUPACIONAL EN CLAVE DE TRAYECTORIA EDUCATIVA.
B10: Ver anexo técnico antes del diligenciamiento
B11: EXPERIENCIA EN PROYECTOS SIMILARES
B12: Relacionar experiencia específica en actividades relacionadas con: a) Experiencia investigativa y práctica en temas relacionados con la Acompañamiento Estudiantil, Abandono Estudiantil, acompañamiento estudiantil, orientación socio ocupacional b)Experiencia en contrucción de lineamientos, orientaciones, guías en temas realcionados con estrategias de permanencia y graduación estudiantil en la educación superior c) Experiencia editorial d) Desarrollo de eventos académicos locales y nacional e) Experiencia en contratación con el Estado | C12: a) Experiencia investigativa y práctica en temas relacionados con la Acompañamiento Estudiantil, Abandono Estudiantil, acompañamiento estudiantil, orientación socio ocupacional .
C13: b)Experiencia en contrucción de lineamientos, orientaciones, guías en temas realcionados con estrategias de permanencia y graduación estudiantil en la educación superior
C14: c) Experiencia editorial.
C15: d) Desarrollo de eventos académicos locales y nacional.
C16: d) Experiencia en contratación con el Estado.
B17: Relacionar descripción de propuesta de materiales a desarrollar para nueva guía del modelo de la permanencia en la educación superior
B18: Relacionar descripción de propuesta de nuevas herramientas para la Orientación socio ocupacional en la educación superior
B20: Convenio o contrato | C20: Descripción del obejto o actividades | D20: Valor en SMMLV actuales

Sheet Detalle de costos sin ajuste
A4: Ministerio de Educación Nacional
A5: SUBDIRECCIÓN DE APOYO A LAS INSTITUCIONES DE EDUCACIÓN SUPERIOR
A6: Grupo de Fomento al acceso y permanencia a la Educación Superior
A8: Invitación a Estudio de Mercado sin generación de vinculo.
A9: Propuesta técnica y económica para: AUNAR ESFUERZOS TÉCNICOS, ADMINISTRATIVOS Y FINANCIEROS PARA ASESORAR Y ACOMPAÑAR AL MINISTERIO EN EL PROCESO DE ACTUALIZACIÓN DE LA GUÍA DEL MODELO DE PERMANENCIA Y LA CONSTRUCCIÓN DE HERRAMIENTAS DE ORIENTACIÓN SOCIO OCUPACIONAL EN CLAVE DE TRAYECTORIA EDUCATIVA.
A10: Ver anexo técnico antes del diligenciamiento
B12: A - COSTO DE RECURSO HUMANO
B13: Item | C13: DESCRIPCIÓN | D13: CANTIDAD | E13: PLAZO DE EJECUCIÓN (Meses) | F13: DEDICACIÓN (%) | G13: ASIGNACIÓN MENSUAL | H13: APORTE MEN | I13: APORTE ALIADO | J13: TOTAL
B14: 1 | C14: Coordinador del proyecto | D14: 1 | E14: 5 | F14: 1 | G14: ='Analisis de mercado_ honorarios'!H6 -> 8074100 | J14: =D14*E14*F14*G14 -> 40370500
B15: 2 | C15: Asistente Administrativo | D15: 1 | E15: 5 | F15: 1 | G15: ='Analisis de mercado_ honorarios'!H7 -> 4054386.8 | J15: =D15*E15*F15*G15 -> 20271934
B16: 3 | C16: Analista de información | D16: 1 | E16: 3 | F16: 1 | G16: ='Analisis de mercado_ honorarios'!H8 -> 5665715 | J16: =D16*E16*F16*G16 -> 16997145
B17: 4 | C17: Experto asesor en estrategias de permanencia acompañamiento Estudiantil, abandono Estudiantil en la educación superior | D17: 1 | E17: 5 | F17: 1 | G17: ='Analisis de mercado_ honorarios'!H9 -> 6479800 | J17: =D17*E17*F17*G17 -> 32399000
B18: 5 | C18: Experto asesor en construcción e implementación de Políticas públicas, sociales, educativas | D18: 1 | E18: 5 | F18: 1 | G18: ='Analisis de mercado_ honorarios'!H10 -> 6479800 | J18: =D18*E18*F18*G18 -> 32399000
B19: 6 | C19: Experto asesor en estrategias de acompañamiento estudiantil en temas relacionado con salud mental en la educación superior | D19: 1 | E19: 5 | F19: 0.5 | G19: ='Analisis de mercado_ honorarios'!H11 -> 6479800 | J19: =D19*E19*F19*G19 -> 16199500
B20: 7 | C20: Experto asesor en temas relacionados con la Orientación Socio ocupacional y procesos de acompañamiento a estudiantes en la educación superior | D20: 1 | E20: 5 | F20: 1 | G20: ='Analisis de mercado_ honorarios'!H12 -> 6479800 | J20: =D20*E20*F20*G20 -> 32399000
B21: 8 | C21: Experto asesor en temas relacionados equidad de género en la educación superior | D21: 1 | E21: 5 | F21: 0.5 | G21: ='Analisis de mercado_ honorarios'!H13 -> 6479800 | J21: =D21*E21*F21*G21 -> 16199500
B22: 9 | C22: Profesional de campo | D22: 3 | E22: 4 | F22: 1 | G22: ='Analisis de mercado_ honorarios'!H14 -> 4240024.7 | J22: =D22*E22*F22*G22 -> 50880296
C23: Otros profesionales
B24: 10 | C24: Experto asesor en pedagogia | D24: 1 | E24: 4 | F24: 0.5 | G24: ='Analisis de mercado_ honorarios'!H15 -> 6729800 | J24: =D24*E24*F24*G24 -> 13459600
B25: 11 | C25: Asesor en comunicaciones | D25: 1 | E25: 5 | F25: 0.5 | G25: ='Analisis de mercado_ honorarios'!H16 -> 4206977.8 | J25: =D25*E25*F25*G25 -> 10517445
B26: 13 | C26: Acompañamiento academico red Permencia Academica y Bienestar Universitario ASCUN | D26: 1 | E26: 5 | F26: 0.5 | G26: 17000000 | J26: =D26*E26*F26*G26 -> 42500000
G27: =SUM(G14:G26) -> 82370004 | H27: =SUM(H14:H26) -> 0 | I27: =SUM(I14:I26) -> 0
B28: SubTotal (A) | J28: =SUM(J14:J26) -> 3.2459292e+08
B30: B - GESTIÓN EDITORIAL
B31: Item | C31: Concepto | D31: Cant (1) | E31: Und Medida | F31: Valor unitario | G31: Tiempo ejecución - Meses | H31: APORTE MEN | I31: APORTE ALIADO | J31: SubTotal =
B32: 5 | C32: TRABAJO EDITORAL Y PREPARACIÓN DE LA PUBLICACIÓN | E32: Global | F32: ='A. mercado_ gestión Editorial '!H3 -> 9725000 | G32: N/A | J32: 9725000
B33: 6 | C33: CORRECCIÓN DE ESTILO | E33: Global | F33: ='A. mercado_ gestión Editorial '!H4 -> 3750000 | G33: N/A | J33: =F33 -> 3750000
B34: 7 | C34: DISEÑO Y REGISTRO EN CAMARA COLOMBIANA DEL LIBRO | E34: Global | F34: ='A. mercado_ gestión Editorial '!H5 -> 19312500 | G34: N/A | J34: =F34 -> 19312500
B35: 8 | C35: REGISTRO FOTOGRAFICO DE LOS ENCUENTROS Y ACTIVIDADES QUE DOCUMENTE EL PROOYECTO, ASÍ COMO LAS FOTOGRAFÍAS QUE REQUIERA EL DOCUMENTO FINAL | E35: Global | F35: ='A. mercado_ gestión Editorial '!H6 -> 9300000 | G35: N/A | J35: 9300000
H36: =H32+H33+H34+H35 -> 0 | I36: =I32+I33+I34+I35 -> 0
B37: SubTotal (B) | J37: =SUM(J32:J35) -> 42087500
B40: C - OTROS COSTOS DIRECTOS
B41: Item | C41: Concepto | D41: Cant (1) | E41: Und Medida | F41: Valor unitario (2) | G41: Tiempo ejecución - un día | H41: APORTE MEN | I41: APORTE ALIADO | J41: SubTotal = (1)*(2)*(3)
B42: 9 | C42: EVENTOS REGIONALES | D42: 6 | E42: unidad | F42: 10550000 | G42: N/A | J42: =D42*F42 -> 63300000
B43: 10 | C43: PROPUESTA DE BANCO DE HERRAMIENTAS PARA IMPLEMENTACIÓN DE ESTRATEGIAS INNOVADORAS DE PERMANENCIA CON ESTUDIANTES AL INTERIOR DE LAS IES DEL PAIS | D43: 1 | E43: Global | F43: ='Eventos y herramientas '!I17 -> 87580162 | G43: N/A | J43: =D43*F43 -> 87580162
B44: 11 | C44: PROPUESTA DE HERRAMIENTAS PARA ORIENTACIÓN SOCIO OCUPACIONAL EN LA EDUCACIÓN SUPERIOR | D44: 1 | E44: Global | F44: ='Eventos y herramientas '!I18 -> 72580162 | G44: N/A | J44: =D44*F44 -> 72580162
B45: 12 | C45: EVENTO PRINCIPAL DE CIERRE Y SOCIALIZACIÓN DEL DOCUMENTO FINAL | D45: 1 | E45: Global | F45: 17500000 | G45: N/A | J45: =D45*F45 -> 17500000
B46: SubTotal (C) | J46: =SUM(J42:J45) -> 2.4096032e+08
B48: SubTotal (A + B) | J48: =+J28+J37 -> 3.6668042e+08
B50: SubTotal (A + B + C) | J50: =+J46+J48 -> 6.0764074e+08
B52: D - COSTO DE ADMINISTRACIÓN Y DE GESTIÓN
E53: % | F53: TOTAL
B54: 13 | C54: GASTOS DE GESTIÓN ADMINISTRATIVA Y LOGÍSTICA (MAXIMO) | E54: 0.11 | F54: =+J48*E54 -> 40334846
B56: SubTotal (A + B + C + D ) | G56: =J50+F54 -> 6.4797559e+08
B57: 14 | C57: IVA | F57: 0.19 | G57: =G56*F57 -> 1.2311536e+08
B59: Valor parcial propuesta económica | G59: =G56+G57 -> 7.7109095e+08
B60: SubTotal (A + B + C + D) + IVA | G60: =G59 -> 7.7109095e+08
B62: E - BOLSA
B63: Item | C63: Concepto | D63: Cant (1) | E63: Und Medida | F63: Valor (2) | G63: Tiempo ejecución - Meses (3) | J63: SubTotal = (1)*(2)*(3)
B64: 15 | C64: BOLSA DE VIÁTICOS, TIQUETES , EVENTOS PARA DESARROLLO DE TRABAJOS EN LAS UNIVERSIDADES. | D64: 1 | E64: Global | F64: 40000000 | G64: NA | J64: =+F64 -> 40000000
B66: Valor Propuesta Económica | G66: =G59+J64 -> 8.1109095e+08
B68: E - CONTRAPARTIDA
D69: Aporte de contrapartida | F69: Valor proyectado de contrapartida
B70: 16 | C70: LA CONTRAPARTIDA DEBE SER DEL 30% O MÁS EN EFECTIVO | E70: SI | F70: =G66*30% -> 2.4332729e+08
B72: Valor contrapartida en efectivo | G72: =F70 -> 2.4332729e+08
B74: Valor Total de la propuesta | G74: =G66 -> 8.1109095e+08
B78: Atentamente,
B81: Firma del representante legal o su apoderado
B84: Nombres y apellidos del representante legal o su apoderado
B87: Identificación del representante legal o su apoderado
B90: NIT y Nombre de la Empresa
B93: Dirección y Telefóno de la Empresa
B96: Nombre, correo y telefono de la persona de contacto para el proyecto
B123: **La base para la liquidación del IVA excluye la bolsa de reembolsables la cual contiene en sí el valor correspondiente a dicho tributo. NOTA N° 1: Las ofertas se presentarán en pesos colombianos. NOTA N° 2: El presente formato debe diligenciarse por el proponente, de conformidad con las condiciones establecidas en el presente formato. NOTA N° 3: Serán de exclusiva responsabilidad del proponente los errores u omisiones en que incurra al indicar el valor de su propuesta, debiendo asumir los mayores costos y/o pérdidas que se deriven de dichos errores u omisiones, sin que por esta razón haya lugar a alegar ruptura del equilibrio contractual. En caso de que difiera el valor de la propuesta reportada en el formulario de la plataforma y el valor del presente formato, la oferta será rechazada. NOTA N° 4: En caso de presentarse cualquier discrepancia entre los diferentes valores presentados, el MEN podrá hacer correcciones y para ello tomará como valor inmodificable el valor unitario base (antes de IVA) del bien o servicio incluido en su cotización. NOTA N° 5: El valor correspondiente a los gastos reembolsables es fijo e inmodificable y por tanto el proponente no ofertará sobre dicho rubro, así mismo, el IVA se considera incluido en dicho valor, por lo cual la cifra no es tenida en cuenta como base para su liquidación en el presupuesto. NOTA Nª 6 Esta invitación a cotizar no genera vinculo y debe entenderse como una exploración de mercado. NOTA N° 7 Plazo máximo aproximado 5 meses sin exceder la fecha estimada del 30 de noviembre de 2023 para la entrega final. NOTA N° 8 El proponente debe manifestar de manera expresa si está sujeto o no a IVA con base en las normas tributarias que les apliquen.

Sheet historico MEN
B2: Análisis de Mercado
B3: METODOLOGÍA | C3: Cotejo de valor mensual de salarios y actividades, para identificar precios de mercado
B5: Rubro
B6: TALENTO HUMANO MINIMO REQUERIDO | G6: VPN
B7: Contratista | C7: Contrato | D7: Talento Humano Requerido | E7: Nombre Genérico | F7: Valor Mensual | G7: Valor Mensual
B8: Coordinador de proyecto
B9: Universidad Cooperativa de Colombia 2022 | C9: CO1.PCCNTR.2480408 | D9: Coordinador Nacional - Gerente de proyecto | E9: Directivo | F9: 6400000 | G9: =F9*(1+13.2%) -> 7244800
B10: Universidad Nacional de Colombia 2022 | C10: CO1.PCCNTR.3485169 | D10: Coordinador del proyecto | E10: Directivo | F10: 4000000 | G10: =F10*(1+13.2%) -> 4528000
B11: MEN TARIFAS 2023 | D11: Coordinador del proyecto | E11: Directivo | F11: 11500000 | G11: =F11 -> 11500000
B12: Universidad del Valle | C12: CO1.PCCNTR.3410358 | D12: Dirección del proyecto | E12: Directivo | F12: 10000000 | G12: =F12*(1+13.2%) -> 11320000
E13: Promedio | F13: =SUBTOTAL(1,F9:F12) -> 7975000 | G13: =SUBTOTAL(1,G9:G12) -> 8648200
B14: Profesional de campo
B15: Universidad Cooperativa de Colombia 2022 | C15: CO1.PCCNTR.2480408 | D15: Metodologo en campo | E15: Profesional | F15: 3000000 | G15: =F15*(1+13.2%) -> 3396000
B16: Universidad del Valle 2022 | C16: CO1.PCCNTR.3410358 | D16: Profesional de acompañamiento | E16: Profesional | F16: 4900000 | G16: =F16*(1+13.2%) -> 5546800
B17: Universidad EAFIT 2022 | C17: CO1.PCCNTR.3415073 | D17: Profesional de articulador | E17: Profesional | F17: 5889927 | G17: =F17*(1+13.2%) -> 6667397.4
B18: MEN TARIFAS 2023 | C18: 2023 | D18: Profesional de campo | E18: Profesional | F18: 4310000 | G18: =F18 -> 4310000
E19: Promedio | F19: =SUBTOTAL(1,F15:F18) -> 4524981.8 | G19: =SUBTOTAL(1,G15:G18) -> 4980049.3
B20: Expertos
B21: Universidad Cooperativa de Colombia 2022 | C21: CO1.PCCNTR.2580977 | D21: Profesional especializada en procesos de acompañamiento para la permanencia | E21: Profesional Especializado | F21: 5333333 | G21: =F21*(1+13.2%) -> 6037333
B22: Universidad Cooperativa de Colombia 2022 | C22: CO1.PCCNTR.2480408 | D22: Profesional Lider de Mentorías | E22: Profesional Especializado | F22: 5866667 | G22: =F22*(1+13.2%) -> 6641067
B23: Universidad Cooperativa de Colombia 2022 | C23: CO1.PCCNTR.2480408 | D23: Profesional Lider de Salud mental | E23: Profesional Especializado | F23: 5000000 | G23: =F23*(1+13.2%) -> 5660000
B24: MEN TARIFAS 2023 | C24: 2023 | D24: Experto/pedagogía/acompañamiento/salud mental | E24: Profesional Especializado | F24: 11500000 | G24: =F24 -> 11500000
E25: Promedio | F25: =SUBTOTAL(1,F21:F24) -> 6925000 | G25: =SUBTOTAL(1,G21:G24) -> 7459600
B26: Asistente Administrativo
B27: Consejo Noruego para Refugiados | C27: CO1.PCCNTR.2580977 | D27: Asistente técnico financiero | E27: Asistencial | F27: 2486488 | G27: =F27*(1+13.2%) -> 2814704.4
B28: MEN TARIFAS 2023 | C28: CO1.PCCNTR.3195927 | D28: Asistente técnico administrativo y financiero | E28: Asistencial | F28: 3905243.8 | G28: =F28 -> 3905243.8
B29: Universidad del Valle 2022 | C29: CO1.PCCNTR.3410358 | D29: Apoyo a la gestión de viajes | E29: Asistencial | F29: 4200000 | G29: =F29*(1+13.2%) -> 4754400
B30: Universidad EAFIT 2022 | C30: CO1.PCCNTR.3415073 | D30: Asistente Lógistico | E30: Asistencial | F30: 4382285 | G30: =F30*(1+13.2%) -> 4960746.6
E31: Promedio | F31: =SUBTOTAL(1,F27:F30) -> 3743504.2 | G31: =SUBTOTAL(1,G27:G30) -> 4108773.7
B32: Analista de información
B33: MEN TARIFAS 2023 | D33: Analista de información | E33: Profesional Especializado | F33: 6391000 | G33: =F33 -> 6391000
B34: Universidad Cooperativa de Colombia 2022 | C34: CO1.PCCNTR.2480408 | D34: Profesional científico de datos | E34: Profesional Especializado | F34: 5760000 | G34: =F34*(1+13.2%) -> 6520320
B35: Universidad Nacional de Colombia | C35: CO1.PCCNTR.3485169 | D35: Ingeniero de sistemas | E35: Profesional Especializado | F35: 3200000 | G35: =F35*(1+13.2%) -> 3622400
B36: Universidad de la Salle | C36: CO1.PCCNTR.2473858 | D36: Expertos en sistematización de datos | E36: Profesional Especializado | F36: 6000000 | G36: =F36*(1+13.2%) -> 6792000
G37: =SUBTOTAL(1,G33:G36) -> 5831430
B38: Comunicador social/publicista
B39: Universidad Cooperativa de Colombia 2022 | C39: CO1.PCCNTR.2480408 | D39: Comunicador social/publicista | E39: Profesional | F39: 4266667 | G39: =F39*(1+13.2%) -> 4829867
B40: MEN TARIFAS 2023 | D40: Comunicador social/publicista | E40: Profesional | F40: 3884000 | G40: =F40 -> 3884000
B41: Universidad Nacional de Colombia | C41: CO1.PCCNTR.3485169 | D41: Comunicador social/publicista | E41: Profesional | F41: 4000000 | G41: =F41*(1+13.2%) -> 4528000
F42: =AVERAGE(F39:F41) -> 4050222.3 | G42: =AVERAGE(G39:G41) -> 4413955.7
E43: Promedio general | F43: =SUBTOTAL(1,F9:F30) -> 5792121.5

Sheet A. mercado_ gestión Editorial  
B2: Item | C2: Concepto | D2: Cant (1) | E2: Und Medida | F2: Valor unitario Histórico MEN * | G2: VALOR COTIZADO | H2: VALOR PROMEDIO
B3: 5 | C3: TRABAJO EDITORAL Y PREPARACIÓN DE LA PUBLICACIÓN | D3: 1 | E3: Global | F3: 9450000 | G3: 10000000 | H3: =AVERAGE(F3:G3) -> 9725000
B4: 6 | C4: CORRECCIÓN DE ESTILO | D4: 1 | E4: Global | F4: 3750000 | G4: 3750000 | H4: =AVERAGE(F4:G4) -> 3750000
B5: 7 | C5: DISEÑO Y REGISTRO EN CAMARA COLOMBIANA DEL LIBRO | D5: 1 | E5: Global | F5: =H14 -> 20625000 | G5: 18000000 | H5: =AVERAGE(F5:G5) -> 19312500
B6: 8 | C6: REGISTRO FOTOGRAFICO DE LOS ENCUENTROS Y ACTIVIDADES QUE DOCUMENTE EL PROOYECTO, ASÍ COMO LAS FOTOGRAFÍAS QUE REQUIERA EL DOCUMENTO FINAL | D6: 1 | E6: Global | F6: 8400000 | G6: 10200000 | H6: =AVERAGE(F6:G6) -> 9300000
F7: =SUM(F3:F6) -> 42225000 | G7: =SUM(G3:G6) -> 41950000 | H7: =SUM(H3:H6) -> 42087500
B10: Contrato CO1.PCCNRT 4714568 de salud mental
D11: Cantidad | E11: Valor Unidad | F11: Total | G11: Observación | H11: Valor proyectado para estudio previo
C12: TRABAJO EDITORAL Y PREPARACIÓN DE LA PUBLICACIÓN | D12: 1 | E12: 9450000 | F12: 9450000
C13: CORRECCIÓN DE ESTILO | D13: 1 | E13: 8950000 | F13: 8950000 | I13: =F13/60 -> 149166.67 | J13: página
C14: DISEÑO Y REGISTRO EN CAMARA COLOMBIANA DEL LIBRO | D14: 1 | E14: 8250000 | F14: =E14 -> 8250000 | G14: Valor Histórico para documento de 60 páginas. El documento se proyecta en 150 páginas teniendo en cuenta la guia actual | H14: =F14*150/60 -> 20625000
C15: FOTOGRAFÍAS | D15: 1 | E15: 210000 | F15: =E15*40 -> 8400000

Sheet Gtos administración_ viaticos
C5: D - COSTO DE ADMINISTRACIÓN
C6: Item | D6: Concepto | F6: VALOR UNITARIO* HISTÓRICO MEN | G6: VALOR UNITARIO COTIZADO | H6: VALOR PROMEDIO
C7: 13 | D7: GASTOS DE ADMINISTRACION (MAXIMO) | F7: 0.11 | G7: 0.11
D10: * Este valor historíco es tomado del contrato de Salud mental /4714568 DE 2023
C17: E - BOLSA
C18: Item | D18: Concepto | E18: Cant (1) | F18: Und Medida | G18: VALOR UNITARIO HISTÓRICO MEN | H18: VPN | I18: Valor (2) | J18: Volor 2022**
C19: 15 | D19: BOLSA DE VIÁTICOS, TIQUETES , EVENTOS PARA DESARROLLO DE TRABAJOS EN LAS UNIVERSIDADES. | E19: 1 | F19: Global | G19: 35000000 | H19: 39620000 | I19: 40000000 | J19: =+I19 -> 40000000
D23: **Este valor se toma teniendo cómo referencia los valores del contrato con la UCC que contiene actividades similares CO1.PCCNTR.24804008. Tidos a valor presente neto con el IPC para 2023 y redondeado a 40 millones
H26: 35000000 | I26: 0.132

Sheet Analisis de mercado_ honorarios
A5: Item | B5: PERFIL | C5: CANTIDAD | D5: Experiencia en anexo Calusulado | E5: Experiencia en Resiolución de honorarios | F5: VALOR MEN | G5: VALOR COTIZADO | H5: VALOR PROMEDIO | I5: ANÁLISIS DEL SECTOR
A6: 1 | B6: Coordinador del proyecto | C6: 1 | D6: Estudios: Título Profesional en alguno de los siguientes Núcleos Básicos de Conocimiento: Educación, Economía, Administración de empresas, Derecho y afines, Ciencias Sociales, Ingenierías y afines, Ciencia política, ciencias de la educación. Título de posgrado en alguno de los siguientes Núcleos Básicos de Conocimiento: Educación, Economía, Administración, Derecho, Ciencias Sociales, Ingenierías y afines, Ciencia política, ciencias de la educación. Este título es homologable con experiencia en 2 años adicionales de experiencia en áreas relacionadas. Experiencia: Mínimo 5 años en temas relacionados con la formulación e implementación de proyectos para la permanencia en la educación superior. Así como experiencia coordinación de equipos de trabajo. | E6: Titulo profesional +Maestria+60 mese de experiencia profesional de los cuales 12 meses debe ser experiencia relacionada | F6: ='historico MEN'!G13 -> 8648200 | G6: 7500000 | H6: =AVERAGE(F6:G6) -> 8074100 | I6: =G6-H6 -> -574100
A7: 2 | B7: Asistente Administrativo | C7: 1 | D7: Estudios: Título Profesional en alguno de los siguientes núcleos básicos de conocimiento: Economía, Administración, Matemáticas y Estadística, Ciencias Sociales, Ingenierías y afines. Experiencia: Mínimo un año temas relacionados con gestión de proyectos, administración y/o finanzas. | E7: Titulo profesional +12-24 meses de experiencia profesional | F7: ='historico MEN'!G31 -> 4108773.7 | G7: 4000000 | H7: =AVERAGE(F7:G7) -> 4054386.8 | I7: =G7-H7 -> -54386.849
A8: 3 | B8: Analista de información | C8: 1 | D8: • Estudios: Título Profesional Universitario en uno de los siguientes pregrados: Matemáticas o Economía o Estadística o afines, ingeniería de sistemas, telemática o afines, o ingeniería electrónica o Ingeniería Industrial. Título de posgrado: Análisis y minería de datos, Analítica estratégica de datos. Experiencia: Mínimo 29 meses de Experiencia profesional relacionada con el procesamiento, análisis de información cualitativa y cuantitativa en proyectos de investigación en derechos educación y/o proyectos sociales. | E8: Titulo profesional +especialización +-24-35 meses de experiencia profesional | F8: ='historico MEN'!G37 -> 5831430 | G8: 5500000 | H8: =AVERAGE(F8:G8) -> 5665715 | I8: =G8-H8 -> -165715
A9: 4 | B9: Experto asesor en estrategias de permanencia acompañamiento Estudiantil, abandono Estudiantil en la educación superior | C9: 1 | D9: Estudios: Título Profesional en alguno de los siguientes Núcleos Básicos de Conocimiento: Educación, Economía, Administración, Derecho, Ciencias Sociales y humanas, Ingenierías y afines, Ciencia política, relaciones internacionales. Título de posgrado en alguno de los siguientes Núcleos Básicos de Conocimiento: Educación, Economía, Administración, Derecho, Ciencias Sociales, Ingenierías y afines, Ciencia política, relaciones internacionales. Este título es homologable con experiencia en 2 años adicionales de experiencia en áreas relacionadas. Experiencia: Mínimo 5 años de experiencia reconocida como asesor y /o consultor en temas relacionados con Acompañamiento Estudiantil, Abandono Estudiantil. | E9: Titulo profesional +Maestria+60 mese de experiencia profesional de los cuales 12 meses debe ser experiencia relacionada | F9: ='historico MEN'!G25 -> 7459600 | G9: 5500000 | H9: =AVERAGE(F9:G9) -> 6479800 | I9: =G9-H9 -> -979800
A10: 5 | B10: Experto asesor en construcción e implementación de Políticas públicas, sociales, educativas | C10: 1 | D10: Estudios: Título Profesional en alguno de los siguientes Núcleos Básicos de Conocimiento: Educación, Economía, Administración, Derecho, Ciencias Sociales y humanas, Ingenierías y afines, Ciencia política, Educación. Título de posgrado en alguno de los siguientes Núcleos Básicos de Conocimiento: Educación, Economía, Administración, Derecho, Ciencias Sociales, Ingenierías y afines, Ciencia política. Este título es homologable con experiencia en 2 años adicionales de experiencia en áreas relacionadas. Experiencia: Mínimo 5 años de experiencia reconocida como asesor y /o consultor en temas relacionados con en construcción e implementación de Políticas públicas, sociales, educativa. | E10: Titulo profesional +Maestria+60 mese de experiencia profesional de los cuales 12 meses debe ser experiencia relacionada | F10: ='historico MEN'!G25 -> 7459600 | G10: 5500000 | H10: =AVERAGE(F10:G10) -> 6479800 | I10: =G10-H10 -> -979800
A11: 6 | B11: Experto asesor en estrategias de acompañamiento estudiantil en temas relacionado con salud mental en la educación superior | C11: 1 | D11: Estudios: Título Profesional en alguno de los siguientes Núcleos Básicos de Conocimiento: Educación, Economía, Administración, Derecho, Ciencias Sociales y humanas, Ingenierías y afines, Ciencia política, relaciones internacionales. Título de posgrado en alguno de los siguientes Núcleos Básicos de Conocimiento: Educación, Economía, Administración, Derecho, Ciencias Sociales, Ingenierías y afines, Ciencia política, relaciones internacionales. Este título es homologable con experiencia en 2 años adicionales de experiencia en áreas relacionadas. Experiencia: Mínimo 5 años de experiencia reconocida como asesor y /o consultor en temas relacionado con salud mental en la educación superior. | E11: Titulo profesional +Maestria+60 mese de experiencia profesional de los cuales 12 meses debe ser experiencia relacionada | F11: ='historico MEN'!G25 -> 7459600 | G11: 5500000 | H11: =AVERAGE(F11:G11) -> 6479800 | I11: =G11-H11 -> -979800
A12: 7 | B12: Experto asesor en temas relacionados con la Orientación Socio ocupacional y procesos de acompañamiento a estudiantes en la educación superior | C12: 1 | D12: Estudios: Título Profesional en alguno de los siguientes Núcleos Básicos de Conocimiento: Educación, Economía, Administración, Derecho, Ciencias Sociales y humanas, Ingenierías y afines, Ciencia política, relaciones internacionales. Título de posgrado en alguno de los siguientes Núcleos Básicos de Conocimiento: Educación, Economía, Administración, Derecho, Ciencias Sociales, Ingenierías y afines, Ciencia política, relaciones internacionales. Este título es homologable con experiencia en 2 años adicionales de experiencia en áreas relacionadas. Experiencia: Mínimo 5 años de experiencia reconocida como asesor y /o consultor en temas relacionados con la Orientación Socio ocupacional y acompañamientos a estudiantes para la permanencia en la educación superior. | E12: Titulo profesional +Maestria+60 mese de experiencia profesional de los cuales 12 meses debe ser experiencia relacionada | F12: ='historico MEN'!G25 -> 7459600 | G12: 5500000 | H12: =AVERAGE(F12:G12) -> 6479800 | I12: =G12-H12 -> -979800
A13: 8 | B13: Experto asesor en temas relacionados equidad de género en la educación superior | C13: 1 | D13: Estudios: Título Profesional en alguno de los siguientes Núcleos Básicos de Conocimiento: Educación, Economía, Administración, Derecho, Ciencias Sociales, Ingenierías y afines, Ciencia política, relaciones internacionales. Título de posgrado en alguno de los siguientes Núcleos Básicos de Conocimiento: Educación, Economía, Administración, Derecho, Ciencias Sociales, Ingenierías y afines, Ciencia política, relaciones internacionales. Este título es homologable con experiencia en 2 años adicionales de experiencia en áreas relacionadas. Experiencia: Mínimo 5 años de experiencia reconocida como asesor y /o consultor en temas relacionados equidad de género en la educación superior. | E13: Titulo profesional +Maestria+60 mese de experiencia profesional de los cuales 12 meses debe ser experiencia relacionada | F13: ='historico MEN'!G25 -> 7459600 | G13: 5500000 | H13: =AVERAGE(F13:G13) -> 6479800 | I13: =G13-H13 -> -979800
A14: 9 | B14: Profesional de campo | C14: 3 | D14: Estudios: Título Profesional en alguno de los siguientes Núcleos Básicos de conocimiento: Educación, Economía, Administración, Derecho, Ingenierías, Ciencias Sociales y afines, Ciencia política, relaciones internacionales. Experiencia: Mínimo 3 años en temas y/o relacionados con formulación, implementación o, seguimiento de proyectos en educación superior y/o sociales. | E14: Titulo profesional 36 meses de experiencia profesional | F14: ='historico MEN'!G19 -> 4980049.3 | G14: 3500000 | H14: =AVERAGE(F14:G14) -> 4240024.7 | I14: =G14-H14 -> -740024.67
A15: 11 | B15: Experto asesor en pedagogia | C15: 1 | D15: Estudios: Núcleos Básicos de conocimiento: Educación, Ciencias Sociales y afines Experiencia: Mínimo de veinticinco (25) meses, en diseño, implementación de estrategias de comunicación. | E15: Titulo profesional +especialización+24 a 35 meses de experiencia profesional | F15: ='historico MEN'!G25 -> 7459600 | G15: 6000000 | H15: =AVERAGE(F15:G15) -> 6729800 | I15: =G15-H15 -> -729800
A16: 12 | B16: Asesor en comunicaciones | C16: 1 | D16: Estudios: Título Profesional en comunicación social o publicidad alguno de los siguientes Núcleos Básicos de conocimiento: EComunicación Social, Periodismo y Afinesn o Publicidad y Afines Experiencia: Mínimo de veinticinco (25) meses, en diseño, implementación de estrategias de comunicación. | E16: Titulo profesional +25 -36 meses de experiencia | F16: ='historico MEN'!G42 -> 4413955.7 | G16: 4000000 | H16: =AVERAGE(F16:G16) -> 4206977.8 | I16: =G16-H16 -> -206977.84
A17: 13 | B17: Acompañamiento academico red Permencia Academica y Bienestar Universitario ASCUN | C17: 1 | E17: No tenemos referente en ele MEN de este aporte profesional , Se asume valor cortizado por ASCUN | F17: 17000000 | G17: 17000000 | H17: =AVERAGE(F17:G17) -> 17000000 | I17: =G17-H17 -> 0
H18: =SUM(H6:H17) -> 82370004
H19: Valor TH

Sheet comparativo
A1: Descripción | B1: Cantidad | C1: % | D1: Meses | E1: Valor MEN | H1: COTIZACIÓN ASCUN | K1: COTIZACIÓN 3 | N1: COTIZACIÓN 4 | Q1: PROMEDIO CUATRO (4) COTIZACIONES | AD1: PROMEDIO
E2: Valor Unidad | F2: Total | G2: Aporte en efectivo | H2: Valor Unidad | I2: Total | J2: Aporte en Efectivo | K2: Valor Unidad | L2: Total | M2: Aporte en Efectivo | N2: Valor Unidad | O2: Total | P2: Aporte en Efectivo | Q2: Valor Unidad | R2: Total | AE2: Valor Unidad
A3: A - Costo de Recursos Humanos
A4: Coordinador del proyecto | B4: 5 | C4: 1 | D4: 5 | E4: 8000000 | F4: 50000000 | G4: 0 | H4: 7000000 | I4: 56000000 | J4: 0 | K4: 3500000 | L4: =+$B4*$C4*$D4*K4 -> 87500000 | M4: 0 | N4: 3500000 | O4: =+$B4*$C4*$D4*N4 -> 87500000 | P4: 0 | Q4: =AVERAGE(E4,H4,K4,N4) -> 5500000 | R4: =+$B4*$C4*$D4*Q4 -> 137500000 | AD4: =AVERAGE(E4,H4,#REF!,K4,N4) -> #REF! | AE4: =Q4*D4*B4 -> 137500000
A5: Asistente Administrativo | B5: 5 | C5: 1 | D5: 5 | E5: 3900000 | F5: 29000000 | G5: 0 | H5: 2800000 | I5: 22400000 | J5: 0 | K5: 1900000 | L5: =+$B5*$C5*$D5*K5 -> 47500000 | M5: 0 | N5: 1900000 | O5: =+$B5*$C5*$D5*N5 -> 47500000 | P5: 0 | Q5: =AVERAGE(E5,H5,K5,N5) -> 2625000 | R5: =+$B5*$C5*$D5*Q5 -> 65625000 | AD5: =AVERAGE(E5,H5,#REF!,K5,N5) -> #REF! | AE5: =Q5*D5*B5 -> 65625000
A6: Analista de información | B6: 3 | C6: 1 | D6: 5
A7: Experto asesor en estrategias de permanencia acompañamiento Estudiantil, abandono Estudiantil en la educación superior | B7: 5 | C7: 1 | D7: 5
A8: Experto asesor en construcción e implementación de Políticas públicas, sociales, educativas | B8: 5 | C8: 1 | D8: 5
A9: Experto asesor en estrategias de acompañamiento estudiantil en temas relacionado con salud mental en la educación superior | B9: 5 | C9: 0.5 | D9: 5
A10: Experto asesor en temas relacionados con la Orientación Socio ocupacional y procesos de acompañamiento a estudiantes en la educación superior | B10: 5 | C10: 1 | D10: 5
A11: Experto asesor en temas relacionados equidad de género en la educación superior | B11: 5 | C11: 0.5 | D11: 5
A12: Profesional de campo | B12: 4 | C12: 1 | D12: 5
A13: Otros profesionales | D13: 5
A14: Experto asesor en pedagogia | B14: 4 | C14: 0.5 | D14: 5
A15: Asesor en comunicaciones | B15: 5 | C15: 0.5 | D15: 5
A16: Acompañamiento academico red Permencia Academica y Bienestar Universitario ASCUN | B16: 5 | C16: 0.5 | D16: 5
A17: Sub Total (A) | F17: =SUM(F4:F16) -> 79000000 | G17: =+G4+G5+#REF! -> #REF! | I17: =SUM(I4:I16) -> 78400000 | J17: =+J4+J5+#REF! -> #REF! | K17: 0 | L17: =SUM(L4:L16) -> 135000000 | M17: 0 | N17: 0 | O17: 541000000 | P17: 0 | R17: =SUM(R4:R16) -> 203125000 | AE17: =SUM(AE4:AE16) -> 203125000
A18: B - Gestión editorial
A19: TRABAJO EDITORAL Y PREPARACIÓN DE LA PUBLICACIÓN | B19: 1 | C19: N/A | D19: N/A | E19: 10455374 | F19: =+B19*E19 -> 10455374 | G19: 0 | H19: 20000000 | I19: =(H19*B19) -> 20000000 | J19: 0 | K19: 9450000 | L19: =K19*B19 -> 9450000 | M19: 0 | N19: 20000000 | O19: 20000000 | P19: 0 | Q19: =AVERAGE(E19,H19,K19,N19) -> 14976344 | R19: =Q19*B19 -> 14976344 | AD19: =AVERAGE(E19,H19,#REF!,K19,N19) -> #REF! | AE19: =Q19*B19 -> 14976344
A20: CORRECCIÓN DE ESTILO | B20: 1 | C20: N/A | D20: N/A | E20: 5000000 | F20: =+B20*E20 -> 5000000 | G20: 0 | H20: 8000000 | I20: =(H20*B20) -> 8000000 | J20: 0 | K20: 8950000 | L20: =K20*B20 -> 8950000 | M20: 0 | N20: 5000000 | O20: 5000000 | P20: 0 | Q20: =AVERAGE(E20,H20,K20,N20) -> 6737500 | R20: =Q20*B20 -> 6737500 | S20: Se amplia % de dedicación, teniendo en cuenta el cronograma actual del proyecto | T20: Información | U20: Valor inicial | V20: %IPC 2020 | W20: Valor | X20: Total | Y20: %IPC 2021 | Z20: Valor | AA20: Total | AB20: Promedio | AD20: =AVERAGE(E20,H20,#REF!,K20,N20) -> #REF! | AE20: =Q20*B20 -> 6737500
A21: DISEÑO Y REGISTRO EN CAMARA COLOMBIANA DEL LIBRO | B21: 7 | C21: N/A | D21: N/A | E21: 0 | F21: =+B21*E21 -> 0 | G21: 0 | H21: 0 | I21: =(H21*B21) -> 0 | J21: 0 | K21: 4000000 | L21: =K21*B21 -> 28000000 | M21: 0 | N21: 500000 | O21: 500000 | P21: 0 | Q21: =AVERAGE(E21,H21,K21,N21) -> 1125000 | R21: =Q21*B21 -> 7875000 | AD21: =AVERAGE(E21,H21,#REF!,K21,N21) -> #REF! | AE21: =Q21*B21 -> 7875000
A22: FOTOGRAFÍAS | B22: 7 | C22: N/A | D22: N/A | E22: 0 | F22: =+B22*E22 -> 0 | G22: 0 | H22: 0 | I22: =(H22*B22) -> 0 | J22: 0 | K22: 3000000 | L22: =K22*B22 -> 21000000 | M22: 0 | N22: 5000000 | O22: 5000000 | P22: 0 | Q22: =AVERAGE(E22,H22,K22,N22) -> 2000000 | R22: =Q22*B22 -> 14000000 | T22: Proyecto | U22: Valor | Y22: ICP | Z22: IPC | AA22: Valor con IPC | AB22: Promedio | AD22: =AVERAGE(E22,H22,#REF!,K22,N22) -> #REF! | AE22: =Q22*B22 -> 14000000
A23: DISEÑO Y REGISTRO EN CAMARA COLOMBIANA DEL LIBRO | B23: 1 | C23: N/A | D23: N/A | E23: 7500000 | F23: =+B23*E23 -> 7500000 | G23: 0 | H23: 25000000 | I23: =(H23*B23) -> 25000000 | J23: 0 | K23: 8250000 | L23: =K23*B23 -> 8250000 | M23: 0 | N23: 500000 | O23: 500000 | P23: 0 | Q23: =AVERAGE(E23,H23,K23,N23) -> 10312500 | R23: =Q23*B23 -> 10312500 | T23: proy 2020 | U23: 1333333 | V23: 0.0161 | W23: =+U23*V23 -> 21466.661 | X23: =+U23+W23 -> 1354799.7 | Y23: 0.0562 | Z23: =+X23*Y23 -> 76139.741 | AA23: =+X23+Z23 -> 1430939.4 | AB23: =+AVERAGE(AA23:AA26) -> 1390239.8 | AD23: =AVERAGE(E23,H23,#REF!,K23,N23) -> #REF! | AE23: =Q23*B23 -> 10312500
A24: FOTOGRAFÍAS | B24: 1 | C24: N/A | D24: N/A | E24: 4000000 | F24: =+B24*E24 -> 4000000 | H24: 10000000 | I24: =(H24*B24) -> 10000000 | J24: 0 | K24: 210000 | L24: 8400000 | N24: 5000000 | O24: 5000000 | Q24: =AVERAGE(E24,H24,K24,N24) -> 4802500 | R24: =Q24*B24 -> 4802500 | AD24: =AVERAGE(E24,H24,#REF!,K24,N24) -> #REF! | AE24: =Q24*B24 -> 4802500
A25: Sub Total (B) | F25: =SUM(F19:F24) -> 26955374 | G25: =+G19+G20 -> 0 | I25: =SUM(I19:I24) -> 63000000 | J25: =+J19+J20+J23+J24 -> 0 | L25: =(L19+L20+L23+L24) -> 35050000 | M25: 0 | O25: =(O19+O20+O23+O24) -> 30500000 | P25: 0 | R25: =SUM(R19:R24) -> 58703844 | T25: proy 2020 | U25: 1714286 | V25: 0.0161 | W25: =+U25*V25 -> 27600.005 | X25: =+U25+W25 -> 1741886 | Y25: 0.0562 | Z25: =+X25*Y25 -> 97893.993 | AA25: =+X25+Z25 -> 1839780 | AE25: =SUM(AE19:AE24) -> 58703844
A26: C - Otros costos directos | T26: proy 2022 | U26: 0 | Y26: 0 | Z26: 0 | AA26: 900000
A27: EVENTOS REGIONALES DE SOCIALIZACIÓN | B27: 6 | C27: unidad | D27: N/A | E27: 10000000 | F27: =+B27*E27 -> 60000000 | G27: 0 | H27: 18000000 | I27: =+H27*B27 -> 108000000 | J27: 0 | K27: 14100000 | L27: =K27*B27 -> 84600000 | M27: 0 | N27: 18000000 | O27: =N27*B27 -> 108000000 | P27: 0 | Q27: =AVERAGE(E27,H27,K27,N27) -> 15025000 | R27: =Q27*B27 -> 90150000 | AD27: =AVERAGE(E27,H27,#REF!,K27,N27) -> #REF! | AE27: =Q27*B27 -> 90150000
A28: PROPUESTA DE NUEVOS CONTENIDOS PARA BIENESTAR EN TU MENTE | B28: 1 | C28: Global | D28: N/A | E28: 20000000 | F28: =+B28*E28 -> 20000000 | G28: 0 | H28: 25000000 | I28: =+H28*B28 -> 25000000 | J28: 0 | K28: 49806000 | L28: =K28*B28 -> 49806000 | M28: 0 | N28: 20000000 | O28: =N28*B28 -> 20000000 | P28: 0 | Q28: =AVERAGE(E28,H28,K28,N28) -> 28701500 | R28: =Q28*B28 -> 28701500 | AD28: =AVERAGE(E28,H28,#REF!,K28,N28) -> #REF! | AE28: =Q28*B28 -> 28701500
A29: EVENTO PRINCIPAL | B29: 1 | C29: Global | D29: N/A | E29: 40000000 | F29: =+B29*E29 -> 40000000 | G29: 0 | H29: 45000000 | I29: =+H29*B29 -> 45000000 | J29: 0 | K29: 20000000 | L29: =K29*B29 -> 20000000 | M29: 0 | N29: 30000000 | O29: =N29*B29 -> 30000000 | P29: 0 | Q29: =AVERAGE(E29,H29,K29,N29) -> 33750000 | R29: =Q29*B29 -> 33750000 | AD29: =AVERAGE(E29,H29,#REF!,K29,N29) -> #REF! | AE29: =Q29*B29 -> 33750000
A30: Sub Total (C) | F30: =SUM(F27:F29) -> 120000000 | G30: =+G25+G26+G27 -> 0 | I30: =SUM(I27:I29) -> 178000000 | J30: =+J25+J26+J27 -> 0 | K30: 0 | L30: =SUM(L27:L29) -> 154406000 | M30: 0 | N30: 0 | O30: =SUM(O27:O29) -> 158000000 | P30: 0 | R30: =SUM(R27:R29) -> 152601500 | AE30: =SUM(AE27:AE29) -> 152601500
A31: Sub Total (A+B+C) | F31: =SUM(F17+F25+F30) -> 225955374 | G31: =+G26+G27+G28 -> 0 | I31: =(I17+I25+I30) -> 319400000 | J31: =SUM(J27:J30) -> 0 | L31: =(L17+L25+L30) -> 324456000 | M31: =SUM(M27:M30) -> 0 | O31: =(O17+O25+O30) -> 729500000 | P31: =SUM(P27:P30) -> 0 | R31: =SUM(R17,R25,R30) -> 4.1443034e+08 | AE31: =AE17+AE25+AE30 -> 4.1443034e+08
A32: (D) GASTOS ADMINISTRATIVOS | E32: 0.4 | F32: 131662150 | G32: =+G27+G28+G29 -> 0 | H32: 0.12 | I32: =((I17+I25)*H32) -> 16968000 | K32: 0.1 | L32: =((L17+L25)*K32) -> 17005000 | N32: 0.12 | O32: =((O17+O25)*N32) -> 68580000 | Q32: =AVERAGE(E32,H32,K32,N32) -> 0.185 | R32: =+R31*Q32 -> 76669614 | AD32: =AVERAGE(E32,H32,#REF!,K32,N32) -> #REF!
A33: Sub Total (A+B+C+D) | F33: =F31+F32 -> 357617524 | G33: =+G28+G29+G30 -> 0 | I33: =SUM(I31:I32) -> 336368000 | J33: =SUM(J32:J32) -> 0 | L33: =SUM(L31:L32) -> 341461000 | M33: =SUM(M32:M32) -> 0 | O33: =SUM(O31:O32) -> 798080000 | P33: =SUM(P32:P32) -> 0 | R33: =SUM(R31:R32) -> 4.9109996e+08
A34: IVA | E34: 0.19 | F34: 0 | H34: 0 | I34: =I33*H34 -> 0 | K34: 0.19 | L34: 0 | N34: 0.19 | O34: 0
A35: (E) BOLSA DE VIÁTICOS y TIQUETES | B35: 1 | C35: Global | D35: N/A | E35: 35000000 | F35: =E35*B35 -> 35000000 | G35: =+G29+G30+G31 -> 0 | H35: 35000000 | I35: =H35*B35 -> 35000000 | K35: 35000000 | L35: =K35*B35 -> 35000000 | N35: 35000000 | O35: =N35*B35 -> 35000000
A38: TOTAL PROYECTO INCLUIDO GASTOS ADMINISTRATIVOS | F38: =(F33+F34+F35) -> 392617524 | G38: 168545256 | I38: =SUM(I33+I34+I35) -> 371368000 | J38: 43408800 | L38: =(L33+L34+L35) -> 376461000 | M38: 128500000 | O38: =(O33+O34+O35) -> 833080000 | P38: 0 | Q38: Total del Proyecto | R38: =+#REF!+#REF! -> #REF! | AD38: =AVERAGE(E38,H38,#REF!,K38,N38) -> #REF!
A39: % DE CONTRAPARTIDA | F39: =G40 -> 0.30035003 | G39: =+G38/F43 -> 0.30035003 | I39: =J40 -> 0.10465581 | J39: =+J38/I43 -> 0.10465581 | L39: =M40 -> 0.2544751 | M39: =+M38/L43 -> 0.2544751 | O39: =P40 -> 0 | P39: =+P38/O38 -> 0
G40: =+G39 -> 0.30035003 | J40: =J39 -> 0.10465581 | M40: =M39 -> 0.2544751 | P40: =P39 -> 0 | Q40: 0.14 | R40: =+R38*Q40 -> #REF! | S40: Aporte ESAL
Q42: =0.86-Q40% -> 0.8586 | R42: =+R38-R40 -> #REF! | S42: Aporte MEN
A43: VALOR TOTAL DE LA PROPUESTA | F43: =F38+G38 -> 561162780 | I43: =I38+J38 -> 414776800 | L43: =L38+M38 -> 504961000 | O43: =O38+P38 -> 833080000
P45: Desviación | Q45: Definición aporte mínimo ESAL
P46: Cotizaciones | Q46: Cotizaciones | R46: Aporte MEN | S46: Aporte IES | V46: Total propuesta
P47: Propuesta 1 | S47: % | T47: Valor | U47: Tipo aporte
P48: Propuesta 2 | Q48: Propuesta 1 | R48: =+V48-T48 -> 4.432401e+08 | S48: =+G40 -> 0.30035003 | T48: =+F38*S48 -> 1.1792268e+08 | U48: Efectivo | V48: =F43 -> 561162780
P49: Propuesta 3 | Q49: Propuesta 2 | R49: =+V49-T49-T50 -> #REF! | S49: =+#REF! -> #REF! | T49: =+I38*S49 -> #REF! | U49: Especie | V49: 1065209596
P50: Propuesta 4 | S50: =+J39 -> 0.10465581 | T50: =+I38*S50 -> 38865817 | U50: Efectivo
P51: Propuesta 5 | Q51: Propuesta 3 | R51: =+V51-T51 -> #REF! | S51: =+#REF! -> #REF! | T51: =+#REF!*S51 -> #REF! | U51: Especie | V51: 869000000
P52: Propuesta 6 | Q52: Propuesta 4 | R52: =+V52-T52 -> #REF! | S52: =+#REF! -> #REF! | T52: =+L38*S52 -> #REF! | U52: Especie | V52: 885808000
Q53: Propuesta 5 | R53: =+V53-T53 -> 1420000000 | S53: 0 | T53: 0 | V53: 1420000000
Q54: Propuesta 6 | R54: =+V54-T54 -> #REF! | S54: =+#REF! -> #REF! | T54: =+#REF!*S54 -> #REF! | U54: Especie | V54: 2.064e+09

Sheet Eventos y herramientas 
B14: C - OTROS COSTOS DIRECTOS
B15: Item | C15: Concepto | D15: Cant (1) | E15: Und Medida | F15: Valor unitario (2) | G15: VALOR UNITARIO HISTÓRICO MEN | H15: VALOR UNITARIO COTIZADO | I15: VALOR PROMEDIO
B16: 9 | C16: EVENTOS REGIONALES | D16: 6 | E16: unidad | G16: 14100000 | H16: 7000000 | I16: =AVERAGE(G16:H16) -> 10550000
B17: 10 | C17: PROPUESTA DE BANCO DE HERRAMIENTAS PARA IMPLEMENTACIÓN DE ESTRATEGIAS INNOVADORAS DE PERMANENCIA CON ESTUDIANTES AL INTERIOR DE LAS IES DEL PAIS | D17: 1 | E17: Global | G17: =G35 -> 85160325 | H17: 90000000 | I17: =AVERAGE(G17:H17) -> 87580162
B18: 11 | C18: PROPUESTA DE HERRAMIENTAS PARA ORIENTACIÓN SOCIO OCUPACIONAL EN LA EDUCACIÓN SUPERIOR | D18: 1 | E18: Global | G18: =G35 -> 85160325 | H18: 60000000 | I18: =AVERAGE(G18:H18) -> 72580162
B19: 12 | C19: EVENTO PRINCIPAL DE CIERRE Y SOCIALIZACIÓN DEL DOCUMENTO FINAL | D19: 1 | E19: Global | G19: 20000000 | H19: 15000000 | I19: =AVERAGE(G19:H19) -> 17500000
G20: =SUM(G16:G19) -> 2.0442065e+08 | H20: =SUM(H16:H19) -> 172000000 | I20: =SUM(I16:I19) -> 1.8821032e+08
B28: Contrato | C28: Concepto | D28: Cant (1) | E28: Valor total | F28: 2022 | G28: VPN
A29: UCC | B29: CO1.PCCNTR.2480408 | C29: Contenidos Orientar | D29: 2 | E29: 30000000 | F29: 0.132 | G29: =$E29*(1+F29) -> 33960000
C30: Curso en línea para estudiantes
C31: Estos cursos incluyen material digital de aprendizaje autodirigido que incluye videos, animaciones, infográficos, actividades formativas y evaluación en línea, (el número y magnitud de los contenidos serán acordados con el MEN, según el presupuesto establecido)
C32: Contenidos para alimentar la estrategia Proyecta-T (incluyen material digital de aprendizaje autodirigido que incluye videos, animaciones, infográficos, actividades formativas y evaluación en línea, el número y magnitud de los contenidos serán acordados con el MEN, según el presupuesto establecido) | D32: 1 | E32: 40000000 | F32: 0.132 | G32: =E32+1*(F32) -> 40000000
A33: EAFIT | B33: CO1.PCCNTR.3415073 | C33: Materiales informativos y formativos virtuales para mentores y estudiantes disponibles en la plataforma formativa definida. | D33: 1 | E33: 188244855 | F33: 0.132 | G33: =E33+1*(F33) -> 1.8824486e+08
C34: Contenidos para promover la elección de programas técnicos y tecnológicos en los aspirantes a la educación superior y de carreras STEAM por parte de las mujeres; así como contenidos de orientación socio ocupacional para promover el acceso a la educación superior de jóvenes rurales, alojados en el micrositio Proyecta–T. | D34: Global | E34: 78436444 | F34: 0.132 | G34: =E34+1*(F34) -> 78436444
G35: =AVERAGE(G29:G34) -> 85160325 | H35: PROMEDIO

Sheet TRAYECTOS
A2: Descripción de actividades presenciales en territorio
A4: EVENTOS DE CO-CREACIÓN
A6: ETAPA | B6: ÁREA DE CUALIFICACIÓN
B7: AVPP | D7: AFIR | F7: AGVE | H7: ETAL | J7: CPSA
B8: Bogotá | C8: Región | D8: Bogotá | E8: Región | F8: Bogotá | G8: Región | H8: Bogotá | I8: Región | J8: Bogotá | K8: Región
A9: Etapa A. Contextualización del sector. | B9: 1 | C9: 0 | D9: 1 | E9: 0 | F9: 1 | G9: 0 | H9: 1 | I9: 0 | J9: 1 | K9: 0
A10: Etapa B. Identificación de brechas de y prospectiva. | B10: 1 | C10: 3 | D10: 1 | E10: 3 | F10: 1 | G10: 3 | H10: 1 | I10: 3 | J10: 1 | K10: 3
A11: Etapa D. Estructuración de la cualificación. | B11: 1 | C11: 2 | D11: 1 | E11: 2 | F11: 1 | G11: 2 | H11: 1 | I11: 2 | J11: 1 | K11: 2
A12: Etapa D. Estructuración de la cualificación. | B12: 1 | C12: 2 | D12: 1 | E12: 2 | F12: 1 | G12: 2 | H12: 1 | I12: 2 | J12: 1 | K12: 2
A13: Total visitas: | B13: 4 | C13: 7 | D13: 4 | E13: 7 | F13: 4 | G13: 7 | H13: 4 | I13: 7 | J13: 4 | K13: 7
A14: Total visitas Bogotá: | B14: 20
A15: Total visitas Región: | B15: 35
A16: Gran total visitas: | B16: 55
A18: Desplazamientos
A20: Misiones a territorio | B20: Valor Unitario | D20: Total por sesión | F20: No. Sesiones territorio | G20: No. Personas por sesión | H20: No. Personas por sesión | I20: Persona de apoyo a sesiones | J20: Total
B21: Desplazamiento | C21: Viáticos
B22: 800000 | C22: 600000 | D22: =SUM(B22:C22) -> 1400000 | F22: 35 | G22: 2 | H22: =+F22*G22 -> 70 | I22: 8 | J22: =(D22*F22*G22)+(I22*D22) -> 109200000
A24: Análisis valores referentes Resolución 19331 de 2018 y Decreto 460 de 2022
A26: Transporte - promedios
A27: Ciudades | B27: Valor | C27: Cantidad Persona | D27: Ciudades | E27: Total | F27: Promedio tiquete | G27: Total | H27: Valor Unitario
A28: Ciudad 1 | B28: 98000 | C28: 1 | D28: 1 | E28: =+B28*C28*D28 -> 98000 | F28: 1 | G28: =+$B$22-E28 -> 702000 | H28: =+E28+G28 -> 800000
A29: Ciudad 2 | B29: 98000 | C29: 1 | D29: 1 | E29: =+B29*C29*D29 -> 98000 | F29: 1 | G29: =+$B$22-E29 -> 702000 | H29: =+E29+G29 -> 800000
A30: Ciudad 3 | B30: 98000 | C30: 1 | D30: 1 | E30: =+B30*C30*D30 -> 98000 | F30: 1 | G30: =+$B$22-E30 -> 702000 | H30: =+E30+G30 -> 800000
A31: Ciudad 4 | B31: 98000 | C31: 1 | D31: 1 | E31: =+B31*C31*D31 -> 98000 | F31: 1 | G31: =+$B$22-E31 -> 702000 | H31: =+E31+G31 -> 800000
A32: Ciudad 5..n | B32: 98000 | C32: 1 | D32: 1 | E32: =+B32*C32*D32 -> 98000 | F32: 1 | G32: =+$B$22-E32 -> 702000 | H32: =+E32+G32 -> 800000
A34: Viáticos - con Hospedaje
A35: Ciudades | B35: Valor | C35: Viáticos | D35: Cantidad Persona | E35: Ciudades | F35: Valor Unitario
A36: Ciudad 1 | B36: =90000*2 -> 180000 | C36: =600000-B36 -> 420000 | D36: 1 | E36: 1 | F36: =+B36+C36 -> 600000
A37: Ciudad 2 | B37: =90000*2 -> 180000 | C37: =600000-B37 -> 420000 | D37: 1 | E37: 1 | F37: =+B37+C37 -> 600000
A38: Ciudad 3 | B38: =90000*2 -> 180000 | C38: =600000-B38 -> 420000 | D38: 1 | E38: 1 | F38: =+B38+C38 -> 600000
A39: Ciudad 4 | B39: =90000*2 -> 180000 | C39: =600000-B39 -> 420000 | D39: 1 | E39: 1 | F39: =+B39+C39 -> 600000
A40: Ciudad 5..n | B40: =90000*2 -> 180000 | C40: =600000-B40 -> 420000 | D40: 1 | E40: 1 | F40: =+B40+C40 -> 600000
A42: ITEM: Talleres actividades presenciales - Etapa A, B, C y D:
A44: Información del Convenio CO1.PCCNTR.3849244 de 2022 MEN - UniMinuto:
A46: Descripción | B46: Cantidad | C46: Unidad | D46: Meses | E46: Cotización 1 | F46: Cotización 2 | G46: Cotización 3 | H46: Cotización 4 | I46: Promedio | J46: Observación
E47: Unidad | F47: Unidad | G47: Unidad | H47: Unidad
A48: Requerimientos actividades presenciales | B48: 2 | C48: Unitario | D48: N/A | E48: 1000000 | F48: 1500000 | G48: 2000000 | H48: 4000000 | I48: 2125000 | J48: El promedio de las actividades presenciales de las cotizaciones de 2022 fue de $ 2.125.000 y el valor presentado por el PNUD para el presente proyecto es de $2.000.000, por lo tanto, se considera viable
A50: Total por sesión Proyecto 2023 | B50: No. Sesiones | C50: Total
A52: 2000000 | B52: 55 | C52: 110000000
A54: Análisis valores referentes o estimados para comparar valor por taller
A56: Invitaciones, convocatoria y material de apoyo
A57: Items | B57: Valor | C57: Cantidad | D57: Ciudades | E57: Total
A58: Ciudad 1 | B58: 280000 | C58: 1 | D58: 1 | E58: =+B58*C58*D58 -> 280000
A59: Ciudad 2 | B59: 280000 | C59: 1 | D59: 1 | E59: =+B59*C59*D59 -> 280000
A60: Ciudad 3 | B60: 280000 | C60: 1 | D60: 1 | E60: =+B60*C60*D60 -> 280000
A61: Ciudad 4 | B61: 280000 | C61: 1 | D61: 1 | E61: =+B61*C61*D61 -> 280000
A62: Ciudad 5..n | B62: 280000 | C62: 1 | D62: 1 | E62: =+B62*C62*D62 -> 280000
A64: Espacios - dotación básica
A65: Items | B65: Valor | C65: Cantidad | D65: Ciudades | E65: Total
A66: Ciudad 1 | B66: 650000 | C66: 1 | D66: 1 | E66: =+B66*C66*D66 -> 650000 | H66: Total por sesión | I66: =+E69+E74+E82+E60 -> 2200000
A67: Ciudad 2 | B67: 650000 | C67: 1 | D67: 1 | E67: =+B67*C67*D67 -> 650000
A68: Ciudad 3 | B68: 650000 | C68: 1 | D68: 1 | E68: =+B68*C68*D68 -> 650000
A69: Ciudad 4 | B69: 650000 | C69: 1 | D69: 1 | E69: =+B69*C69*D69 -> 650000 | H69: Observación
A70: Ciudad 5..n | B70: 650000 | C70: 1 | D70: 1 | E70: =+B70*C70*D70 -> 650000
H71: La estimación de costos a partir de ejercicio interno desde el MEN considerando algunos ítems posibles en el desarrollo de los talleres, se estimo un valor un poco mayor al presentado por el PNUD. Por lo tanto, se considera viable el valor presentado por la organización.
A72: Refrigerios - promedios
A73: Ciudades | B73: Valor | C73: Cantidad Persona | D73: Ciudades | E73: Valor Unitario
A74: Ciudad 1 | B74: 18000 | C74: 40 | D74: 1 | E74: =+B74*C74 -> 720000
A75: Ciudad 2 | B75: 18000 | C75: 40 | D75: 1 | E75: =+B75*C75 -> 720000
A76: Ciudad 3 | B76: 18000 | C76: 40 | D76: 1 | E76: =+B76*C76 -> 720000
A77: Ciudad 4 | B77: 18000 | C77: 40 | D77: 1 | E77: =+B77*C77 -> 720000
A78: Ciudad 5..n | B78: 18000 | C78: 40 | D78: 1 | E78: =+B78*C78 -> 720000
A80: Equipos audiovisuales - promedios
A81: Ciudades | B81: Valor | C81: Cantidad Persona | D81: Ciudades | E81: Valor Unitario
A82: Ciudad 1 | B82: 550000 | C82: 1 | D82: 1 | E82: =+B82*C82 -> 550000
A83: Ciudad 2 | B83: 550000 | C83: 1 | D83: 1 | E83: =+B83*C83 -> 550000
A84: Ciudad 3 | B84: 550000 | C84: 1 | D84: 1 | E84: =+B84*C84 -> 550000
A85: Ciudad 4 | B85: 550000 | C85: 1 | D85: 1 | E85: =+B85*C85 -> 550000
A86: Ciudad 5..n | B86: 550000 | C86: 1 | D86: 1 | E86: =+B86*C86 -> 550000
A89: ITEM: Comunicaciones (Diagramación de 5 cartillas), licencias, software y herramientas virtuales.
A91: Análisis valor proyecto PNUD 2020 con IPC:
A93: Convenio de Cooperación 20200004 de 2020 | B93: Valor total 2020 | C93: Valor unitario 2020 | D93: Valor unitario con IPC 2020 (1,61%) | E93: Valor unitario con IPC 2021 (5,62%) | F93: Valor unitario con IPC 2022 (13,12%) | G93: Valor total 5 Cartillas para 2023 | H93: Observación
A94: Ítem igual: Diagramaciones 3 cartillas, licencias, software. | B94: 15000000 | C94: 5000000 | D94: =+G96 -> 5080500 | E94: =+G97 -> 5366024.1 | F94: =+G98 -> 6070046.5 | G94: =+F94*5 -> 30350232 | H94: A partir de este análisis el valor presentado por PNUD corresponde a $30.000.000, por lo tanto, es menor al análisis tomando como referencia proyecto 2020 y aplicando IPC. En este caso, el valor para el proyecto 2023 es viable.
C96: 5000000 | D96: 0.0161 | E96: 2020 | F96: =+C96*D96 -> 80500 | G96: =+C96+F96 -> 5080500
C97: =+G96 -> 5080500 | D97: 0.0562 | E97: 2021 | F97: =+G96*D97 -> 285524.1 | G97: =+C97+F97 -> 5366024.1
C98: =+G97 -> 5366024.1 | D98: 0.1312 | E98: 2022 | F98: =+G97*D98 -> 704022.36 | G98: =+C98+F98 -> 6070046.5
A101: Análisis otros valores proyectos con características similares:
A103: Convenio | B103: Descripción del ítem | D103: Unidad análisis | F103: Valor unitario promedio | G103: Valor promedio a 2019 | H103: Valor promedio proyecto 2023 | I103: Observación
A104: Convenio de Asociación 0240 de 2019 suscrito entre el Ministerio de Educación y CET Colsubsidio | B104: Artes, diseño e impresión de cartilla | D104: Arte y diseño de 1 cartilla con impresión de ejemplares | F104: 10500000 | G104: =+(F104+F105)/2 -> 7750000 | H104: =30000000/5 -> 6000000 | I104: A partir de este análisis el valor total presentado por PNUD corresponde a $30.000.000 para 5 cartillas más uso software y herramientas, por lo tanto, tomando un valor unitario referente para el proyecto es de $6.000.000 y al compararlo con un promedio de valores con item de convenios anteriores este valor 2023 es menor en cuanto a la revisión.
A105: Convenio de Asociación 0201 de 2019 suscrito entre el Ministerio de Educación y la Cámara Colombiana de la Construcción - CAMACOL | B105: Diseño, diagramación e impresión de cartilla | D105: Arte y diseño de 1 cartilla con impresión de ejemplares | F105: 5000000
A108: Total Proyecto 2023 | B108: Unidad | C108: Valor total proyecto 2023
A109: Comunicaciones (Diagramación de 5 cartillas), licencias, software y herramientas virtuales. | B109: Global | C109: 30000000
A112: ITEM: Apoyo en la gestión territorial
A114: Convenio de Cooperación 20200004 de 2020 | B114: Valor total 2020 | C114: Valor unitario con IPC 2020 (1,61%) | D114: Valor unitario con IPC 2021 (5,62%) | E114: Valor unitario con IPC 2022 (13,12%) | F114: Valor 2023 | G114: Observación
A115: Ítem igual: Apoyo en la gestión territorial | B115: 25000000 | C115: =+G117 -> 25402500 | D115: =+G118 -> 26830120 | E115: =+G119 -> 30350232 | F115: 50000000 | G115: la ejecución del anterior proyectó se llevó a cabo durante la pandemia y no se realizaron actividades presenciales, por lo tanto, el acompañamiento se realizó a sesiones virtuales. En este caso, las características de los Convenios son diferentes, por lo tanto, se considera viable el valor presentado al proyecto 2023, teniendo en cuenta el incremento en actividades presenciales y el fortalecimiento de la participación de los actores clave en las diferentes etapas del proyecto.
C117: =+B115 -> 25000000 | D117: 0.0161 | E117: 2020 | F117: =+C117*D117 -> 402500 | G117: =+C117+F117 -> 25402500
C118: =+G117 -> 25402500 | D118: 0.0562 | E118: 2021 | F118: =+G117*D118 -> 1427620.5 | G118: =+C118+F118 -> 26830120
C119: =+G118 -> 26830120 | D119: 0.1312 | E119: 2022 | F119: =+G118*D119 -> 3520111.8 | G119: =+C119+F119 -> 30350232
A122: Total Proyecto 2023 | B122: Unidad | C122: Valor total proyecto 2023
A123: Apoyo en la gestión territorial | B123: Global | C123: 50000000

Sheet Hoja3
B6: ÍTEM | C6: CANTIDAD | D6: TIEMPO | E6: NRO. DE VECES | F6: VALOR UNITARIO | G6: VALOR TOTAL
B7: Gastos de desplazamiento tiquetes (2 visitas x ETC) | C7: 7 | D7: 1 | E7: 2 | F7: 0 | G7: 0
B8: Gastos de desplazamiento viáticos (2 visitas x EE) | C8: 7 | D8: 1 | E8: 2 | F8: 0 | G8: 0
B9: Gastos de desplazamiento tiquetes (2 sesiones x EE) | C9: 75 | D9: 1 | E9: 2 | F9: 0 | G9: 0
B10: Gastos de desplazamiento viáticos (2 sesiones x EE) | C10: 75 | D10: 1 | E10: 2 | F10: 0 | G10: 0
B11: SUBTOTAL | G11: 0
B12: SUBTOTAL COSTOS DIRECTOS DE LA OPERACIÓN | G12: 0

Sheet presupuesto proyectado MEN  
A1: Descripción | B1: Cantidad | C1: % | D1: Meses | E1: COTIZACIÓN 1 | H1: COTIZACIÓN 2 | K1: COTIZACIÓN 3 | N1: COTIZACIÓN 4 | Q1: PROMEDIO CUATRO (4) COTIZACIONES | AD1: PROMEDIO
E2: Valor Unidad | F2: Total | G2: Aporte en efectivo | H2: Valor Unidad | I2: Total | J2: Aporte en Efectivo | K2: Valor Unidad | L2: Total | M2: Aporte en Efectivo | N2: Valor Unidad | O2: Total | P2: Aporte en Efectivo | Q2: Valor Unidad | R2: Total | AE2: Valor Unidad
A3: A - Costo de Recursos Humanos
A4: COORDINADOR DEL PROYECTO | B4: 1 | C4: 1 | D4: 10 | E4: 8000000 | F4: 50000000 | G4: 0 | H4: 7000000 | I4: 56000000 | J4: 0 | K4: 3500000 | L4: =+$B4*$C4*$D4*K4 -> 35000000 | M4: 0 | N4: 3500000 | O4: =+$B4*$C4*$D4*N4 -> 35000000 | P4: 0 | Q4: =AVERAGE(E4,H4,K4,N4) -> 5500000 | R4: =+$B4*$C4*$D4*Q4 -> 55000000 | AD4: =AVERAGE(E4,H4,#REF!,K4,N4) -> #REF! | AE4: =Q4*D4*B4 -> 55000000
A5: ASISTENTE ADMINISTRATIVO | B5: 1 | C5: 1 | D5: 10 | E5: 3900000 | F5: 29000000 | G5: 0 | H5: 2800000 | I5: 22400000 | J5: 0 | K5: 1900000 | L5: =+$B5*$C5*$D5*K5 -> 19000000 | M5: 0 | N5: 1900000 | O5: =+$B5*$C5*$D5*N5 -> 19000000 | P5: 0 | Q5: =AVERAGE(E5,H5,K5,N5) -> 2625000 | R5: =+$B5*$C5*$D5*Q5 -> 26250000 | AD5: =AVERAGE(E5,H5,#REF!,K5,N5) -> #REF! | AE5: =Q5*D5*B5 -> 26250000
A6: PROFESIONALES EXPERTOS | B6: 4 | C6: 1 | D6: 10 | E6: 5900000 | F6: 156000000 | G6: 0 | H6: 5000000 | I6: 40000000 | J6: 0 | K6: 2800000 | L6: 11200000 | M6: 0 | N6: 2800000 | O6: 11200000 | P6: 0 | Q6: =AVERAGE(E6,H6,K6,N6) -> 4125000 | R6: =+$B6*$C6*$D6*Q6 -> 165000000 | AD6: =AVERAGE(E6,H6,#REF!,K6,N6) -> #REF! | AE6: =Q6*D6*B6 -> 165000000
A7: DISEÑADOR | B7: 1 | C7: 0.25 | D7: 8 | E7: 0 | F7: =(E7*D7*C7*B7) -> 0 | G7: 0 | H7: 0 | I7: 0 | J7: 0 | K7: 0 | L7: 0 | M7: 0 | N7: 0 | O7: 0 | P7: 0 | Q7: =AVERAGE(E7,H7,K7,N7) -> 0 | AE7: =Q7*D7*B7 -> 0
A8: DISEÑADOR | B8: 1 | C8: 1 | D8: 10 | E8: 4300000 | F8: 13200000 | H8: 2000000 | I8: 16000000 | J8: 0 | K8: 0 | L8: =+$B8*$C8*$D8*K8 -> 0 | M8: 0 | N8: 0 | O8: =+$B8*$C8*$D8*N8 -> 0 | P8: 0 | Q8: =AVERAGE(E8,H8,K8,N8) -> 1575000 | R8: =+$B8*$C8*$D8*Q8 -> 15750000 | AD8: =AVERAGE(E8,H8,#REF!,K8,N8) -> #REF! | AE8: =Q8*D8*B8 -> 15750000
A9: Sub Total (A) | F9: =SUM(F4:F8) -> 248200000 | G9: =+G4+G5+G6 -> 0 | I9: =SUM(I4:I8) -> 134400000 | J9: =+J4+J5+J6 -> 0 | K9: 0 | L9: =SUM(L4:L8) -> 65200000 | M9: 0 | N9: 0 | O9: 541000000 | P9: 0 | R9: =SUM(R4:R8) -> 262000000 | AE9: =SUM(AE4:AE8) -> 262000000
A10: B - Gestión editorial
A11: TRABAJO EDITORAL Y PREPARACIÓN DE LA PUBLICACIÓN | B11: 1 | C11: N/A | D11: N/A | E11: 10455374 | F11: =+B11*E11 -> 10455374 | G11: 0 | H11: 20000000 | I11: =(H11*B11) -> 20000000 | J11: 0 | K11: 9450000 | L11: =K11*B11 -> 9450000 | M11: 0 | N11: 20000000 | O11: 20000000 | P11: 0 | Q11: =AVERAGE(E11,H11,K11,N11) -> 14976344 | R11: =Q11*B11 -> 14976344 | AD11: =AVERAGE(E11,H11,#REF!,K11,N11) -> #REF! | AE11: =Q11*B11 -> 14976344
A12: CORRECCIÓN DE ESTILO | B12: 1 | C12: N/A | D12: N/A | E12: 5000000 | F12: =+B12*E12 -> 5000000 | G12: 0 | H12: 8000000 | I12: =(H12*B12) -> 8000000 | J12: 0 | K12: 8950000 | L12: =K12*B12 -> 8950000 | M12: 0 | N12: 5000000 | O12: 5000000 | P12: 0 | Q12: =AVERAGE(E12,H12,K12,N12) -> 6737500 | R12: =Q12*B12 -> 6737500 | S12: Se amplia % de dedicación, teniendo en cuenta el cronograma actual del proyecto | T12: Información | U12: Valor inicial | V12: %IPC 2020 | W12: Valor | X12: Total | Y12: %IPC 2021 | Z12: Valor | AA12: Total | AB12: Promedio | AD12: =AVERAGE(E12,H12,#REF!,K12,N12) -> #REF! | AE12: =Q12*B12 -> 6737500
A13: DISEÑO Y REGISTRO EN CAMARA COLOMBIANA DEL LIBRO | B13: 7 | C13: N/A | D13: N/A | E13: 0 | F13: =+B13*E13 -> 0 | G13: 0 | H13: 0 | I13: =(H13*B13) -> 0 | J13: 0 | K13: 4000000 | L13: =K13*B13 -> 28000000 | M13: 0 | N13: 500000 | O13: 500000 | P13: 0 | Q13: =AVERAGE(E13,H13,K13,N13) -> 1125000 | R13: =Q13*B13 -> 7875000 | AD13: =AVERAGE(E13,H13,#REF!,K13,N13) -> #REF! | AE13: =Q13*B13 -> 7875000
A14: FOTOGRAFÍAS | B14: 7 | C14: N/A | D14: N/A | E14: 0 | F14: =+B14*E14 -> 0 | G14: 0 | H14: 0 | I14: =(H14*B14) -> 0 | J14: 0 | K14: 3000000 | L14: =K14*B14 -> 21000000 | M14: 0 | N14: 5000000 | O14: 5000000 | P14: 0 | Q14: =AVERAGE(E14,H14,K14,N14) -> 2000000 | R14: =Q14*B14 -> 14000000 | T14: Proyecto | U14: Valor | Y14: ICP | Z14: IPC | AA14: Valor con IPC | AB14: Promedio | AD14: =AVERAGE(E14,H14,#REF!,K14,N14) -> #REF! | AE14: =Q14*B14 -> 14000000
A15: DISEÑO Y REGISTRO EN CAMARA COLOMBIANA DEL LIBRO | B15: 1 | C15: N/A | D15: N/A | E15: 7500000 | F15: =+B15*E15 -> 7500000 | G15: 0 | H15: 25000000 | I15: =(H15*B15) -> 25000000 | J15: 0 | K15: 8250000 | L15: =K15*B15 -> 8250000 | M15: 0 | N15: 500000 | O15: 500000 | P15: 0 | Q15: =AVERAGE(E15,H15,K15,N15) -> 10312500 | R15: =Q15*B15 -> 10312500 | T15: proy 2020 | U15: 1333333 | V15: 0.0161 | W15: =+U15*V15 -> 21466.661 | X15: =+U15+W15 -> 1354799.7 | Y15: 0.0562 | Z15: =+X15*Y15 -> 76139.741 | AA15: =+X15+Z15 -> 1430939.4 | AB15: =+AVERAGE(AA15:AA18) -> 1390239.8 | AD15: =AVERAGE(E15,H15,#REF!,K15,N15) -> #REF! | AE15: =Q15*B15 -> 10312500
A16: FOTOGRAFÍAS | B16: 1 | C16: N/A | D16: N/A | E16: 4000000 | F16: =+B16*E16 -> 4000000 | H16: 10000000 | I16: =(H16*B16) -> 10000000 | J16: 0 | K16: 210000 | L16: 8400000 | N16: 5000000 | O16: 5000000 | Q16: =AVERAGE(E16,H16,K16,N16) -> 4802500 | R16: =Q16*B16 -> 4802500 | AD16: =AVERAGE(E16,H16,#REF!,K16,N16) -> #REF! | AE16: =Q16*B16 -> 4802500
A17: Sub Total (B) | F17: =SUM(F11:F16) -> 26955374 | G17: =+G11+G12 -> 0 | I17: =SUM(I11:I16) -> 63000000 | J17: =+J11+J12+J15+J16 -> 0 | L17: =(L11+L12+L15+L16) -> 35050000 | M17: 0 | O17: =(O11+O12+O15+O16) -> 30500000 | P17: 0 | R17: =SUM(R11:R16) -> 58703844 | T17: proy 2020 | U17: 1714286 | V17: 0.0161 | W17: =+U17*V17 -> 27600.005 | X17: =+U17+W17 -> 1741886 | Y17: 0.0562 | Z17: =+X17*Y17 -> 97893.993 | AA17: =+X17+Z17 -> 1839780 | AE17: =SUM(AE11:AE16) -> 58703844
A18: C - Otros costos directos | T18: proy 2022 | U18: 0 | Y18: 0 | Z18: 0 | AA18: 900000
A19: EVENTOS REGIONALES DE SOCIALIZACIÓN | B19: 6 | C19: unidad | D19: N/A | E19: 10000000 | F19: =+B19*E19 -> 60000000 | G19: 0 | H19: 18000000 | I19: =+H19*B19 -> 108000000 | J19: 0 | K19: 14100000 | L19: =K19*B19 -> 84600000 | M19: 0 | N19: 18000000 | O19: =N19*B19 -> 108000000 | P19: 0 | Q19: =AVERAGE(E19,H19,K19,N19) -> 15025000 | R19: =Q19*B19 -> 90150000 | AD19: =AVERAGE(E19,H19,#REF!,K19,N19) -> #REF! | AE19: =Q19*B19 -> 90150000
A20: PROPUESTA DE NUEVOS CONTENIDOS PARA BIENESTAR EN TU MENTE | B20: 1 | C20: Global | D20: N/A | E20: 20000000 | F20: =+B20*E20 -> 20000000 | G20: 0 | H20: 25000000 | I20: =+H20*B20 -> 25000000 | J20: 0 | K20: 49806000 | L20: =K20*B20 -> 49806000 | M20: 0 | N20: 20000000 | O20: =N20*B20 -> 20000000 | P20: 0 | Q20: =AVERAGE(E20,H20,K20,N20) -> 28701500 | R20: =Q20*B20 -> 28701500 | AD20: =AVERAGE(E20,H20,#REF!,K20,N20) -> #REF! | AE20: =Q20*B20 -> 28701500
A21: EVENTO PRINCIPAL | B21: 1 | C21: Global | D21: N/A | E21: 40000000 | F21: =+B21*E21 -> 40000000 | G21: 0 | H21: 45000000 | I21: =+H21*B21 -> 45000000 | J21: 0 | K21: 20000000 | L21: =K21*B21 -> 20000000 | M21: 0 | N21: 30000000 | O21: =N21*B21 -> 30000000 | P21: 0 | Q21: =AVERAGE(E21,H21,K21,N21) -> 33750000 | R21: =Q21*B21 -> 33750000 | AD21: =AVERAGE(E21,H21,#REF!,K21,N21) -> #REF! | AE21: =Q21*B21 -> 33750000
A22: Sub Total (C) | F22: =SUM(F19:F21) -> 120000000 | G22: =+G17+G18+G19 -> 0 | I22: =SUM(I19:I21) -> 178000000 | J22: =+J17+J18+J19 -> 0 | K22: 0 | L22: =SUM(L19:L21) -> 154406000 | M22: 0 | N22: 0 | O22: =SUM(O19:O21) -> 158000000 | P22: 0 | R22: =SUM(R19:R21) -> 152601500 | AE22: =SUM(AE19:AE21) -> 152601500
A23: Sub Total (A+B+C) | F23: =SUM(F9+F17+F22) -> 395155374 | G23: =+G18+G19+G20 -> 0 | I23: =(I9+I17+I22) -> 375400000 | J23: =SUM(J19:J22) -> 0 | L23: =(L9+L17+L22) -> 254656000 | M23: =SUM(M19:M22) -> 0 | O23: =(O9+O17+O22) -> 729500000 | P23: =SUM(P19:P22) -> 0 | R23: =SUM(R9,R17,R22) -> 4.7330534e+08 | AE23: =AE9+AE17+AE22 -> 4.7330534e+08
A24: (D) GASTOS ADMINISTRATIVOS | E24: 0.4 | F24: 131662150 | G24: =+G19+G20+G21 -> 0 | H24: 0.12 | I24: =((I9+I17)*H24) -> 23688000 | K24: 0.1 | L24: =((L9+L17)*K24) -> 10025000 | N24: 0.12 | O24: =((O9+O17)*N24) -> 68580000 | Q24: =AVERAGE(E24,H24,K24,N24) -> 0.185 | R24: =+R23*Q24 -> 87561489 | AD24: =AVERAGE(E24,H24,#REF!,K24,N24) -> #REF!
A25: Sub Total (A+B+C+D) | F25: =F23+F24 -> 526817524 | G25: =+G20+G21+G22 -> 0 | I25: =SUM(I23:I24) -> 399088000 | J25: =SUM(J24:J24) -> 0 | L25: =SUM(L23:L24) -> 264681000 | M25: =SUM(M24:M24) -> 0 | O25: =SUM(O23:O24) -> 798080000 | P25: =SUM(P24:P24) -> 0 | R25: =SUM(R23:R24) -> 5.6086683e+08
A26: IVA | E26: 0.19 | F26: 0 | H26: 0 | I26: =I25*H26 -> 0 | K26: 0.19 | L26: 0 | N26: 0.19 | O26: 0
A27: (E) BOLSA DE VIÁTICOS y TIQUETES | B27: 1 | C27: Global | D27: N/A | E27: 35000000 | F27: =E27*B27 -> 35000000 | G27: =+G21+G22+G23 -> 0 | H27: 35000000 | I27: =H27*B27 -> 35000000 | K27: 35000000 | L27: =K27*B27 -> 35000000 | N27: 35000000 | O27: =N27*B27 -> 35000000
A30: TOTAL PROYECTO INCLUIDO GASTOS ADMINISTRATIVOS | F30: =(F25+F26+F27) -> 561817524 | G30: 168545256 | I30: =SUM(I25+I26+I27) -> 434088000 | J30: 43408800 | L30: =(L25+L26+L27) -> 299681000 | M30: 128500000 | O30: =(O25+O26+O27) -> 833080000 | P30: 0 | Q30: Total del Proyecto | R30: =+#REF!+#REF! -> #REF! | AD30: =AVERAGE(E30,H30,#REF!,K30,N30) -> #REF!
A31: % DE CONTRAPARTIDA | F31: =G32 -> 0.23076923 | G31: =+G30/F35 -> 0.23076923 | I31: =J32 -> 0.090909091 | J31: =+J30/I35 -> 0.090909091 | L31: =M32 -> 0.30010673 | M31: =+M30/L35 -> 0.30010673 | O31: =P32 -> 0 | P31: =+P30/O30 -> 0
G32: =+G31 -> 0.23076923 | J32: =J31 -> 0.090909091 | M32: =M31 -> 0.30010673 | P32: =P31 -> 0 | Q32: 0.14 | R32: =+R30*Q32 -> #REF! | S32: Aporte ESAL
Q34: =0.86-Q32% -> 0.8586 | R34: =+R30-R32 -> #REF! | S34: Aporte MEN
A35: VALOR TOTAL DE LA PROPUESTA | F35: =F30+G30 -> 730362780 | I35: =I30+J30 -> 477496800 | L35: =L30+M30 -> 428181000 | O35: =O30+P30 -> 833080000
P37: Desviación | Q37: Definición aporte mínimo ESAL
P38: Cotizaciones | Q38: Cotizaciones | R38: Aporte MEN | S38: Aporte IES | V38: Total propuesta
P39: Propuesta 1 | S39: % | T39: Valor | U39: Tipo aporte
P40: Propuesta 2 | Q40: Propuesta 1 | R40: =+V40-T40 -> 6.0071258e+08 | S40: =+G32 -> 0.23076923 | T40: =+F30*S40 -> 1.296502e+08 | U40: Efectivo | V40: =F35 -> 730362780
P41: Propuesta 3 | Q41: Propuesta 2 | R41: =+V41-T41-T42 -> #REF! | S41: =+#REF! -> #REF! | T41: =+I30*S41 -> #REF! | U41: Especie | V41: 1065209596
P42: Propuesta 4 | S42: =+J31 -> 0.090909091 | T42: =+I30*S42 -> 39462545 | U42: Efectivo
P43: Propuesta 5 | Q43: Propuesta 3 | R43: =+V43-T43 -> #REF! | S43: =+#REF! -> #REF! | T43: =+#REF!*S43 -> #REF! | U43: Especie | V43: 869000000
P44: Propuesta 6 | Q44: Propuesta 4 | R44: =+V44-T44 -> #REF! | S44: =+#REF! -> #REF! | T44: =+L30*S44 -> #REF! | U44: Especie | V44: 885808000
Q45: Propuesta 5 | R45: =+V45-T45 -> 1420000000 | S45: 0 | T45: 0 | V45: 1420000000
Q46: Propuesta 6 | R46: =+V46-T46 -> #REF! | S46: =+#REF! -> #REF! | T46: =+#REF!*S46 -> #REF! | U46: Especie | V46: 2.064e+09
J50: 0.12 | K50: 0.1 | L50: 0.12

Sheet plazo del contrato
B3: PLAZO DEL CONTRATO
C4: Plazo inicial | D4: 43007
B5: MATRICULA | C5: Fecha de inicio trabajo campo
C6: Fecha de terminación trabajo campo | D6: 43063
B7: PLANTA FOCALIZADA | C7: Fecha de inicio trabajo campo
C8: Fecha de terminación trabajo campo | D8: 43084
B9: IES | C9: Fecha de inicio trabajo campo
C10: Fecha de terminación trabajo campo
B11: IETDH | C11: Fecha de inicio trabajo campo
C12: Fecha de terminación trabajo campo | D12: 43076
C13: Plazo final | D13: 43159

Sheet Hoja1
C5: Equipos operación $
C8: Honorarios personal auditor $
C12: Gastos Transporte $
C17: Gastos viáticos $
C21: Gastos correo certificado $
C25: Costos Directos $
C32: Otros costos asociados $
